 Dungeon Crawl Stone Soup version 0.25.0-1-g7eea58d (webtiles) character file.

Game seed: 4173746425364632137

150 tboon the Shield-Bearer (level 5, -4/33 HPs)
             Began as a Gargoyle Fighter on June 13, 2020.
             Killed by divine providence
             ... invoked by an orc priest
              (13 damage)
             ... on level 3 of the Dungeon.
             The game lasted 00:08:35 (2784 turns).

tboon the Shield-Bearer (Gargoyle Fighter)          Turns: 2784, Time: 00:08:36

Health: -4/33      AC: 11    Str: 20    XL:     5   Next: 32%
Magic:  5/5        EV:  7    Int:  9    God:
Gold:   163        SH:  9    Dex:  9    Spells: 4/4 levels left

rFire    . . .     SeeInvis .   a - +0 flail
rCold    . . .     Gourm    .   c - +0 kite shield
rNeg     + . .     Faith    .   b - +0 scale mail
rPois    ∞         Spirit   .   (no helmet)
rElec    +         Reflect  .   (no cloak)
rCorr    .         Harm     .   (no gloves)
MR       .....                  (no boots)
Stlth    ..........             (no amulet)
HPRegen  0.11/turn              (no ring)
MPRegen  0.09/turn              (no ring)

@: no status effects
A: negative energy resistance 1, electricity resistance, unbreathing,
petrification resistance, rot immunity, AC +4
a: no special abilities


You were on level 3 of the Dungeon.
You were hungry.

You visited 1 branch of the dungeon, and saw 3 of its levels.

You collected 163 gold pieces.

Inventory:

Hand Weapons
 a - a +0 flail (weapon)
 A - a +2 mace of protection
   (You found it on level 3 of the Dungeon)
Missiles
 y - 11 poisoned darts
Armour
 b - a +0 scale mail (worn)
 c - a +0 kite shield (worn)
 i - a +0 chain mail
   (You found it on level 1 of the Dungeon)
 B - a +0 helmet
   (You took it off Robin on level 3 of the Dungeon)
Jewellery
 x - an uncursed ring of flight {unknown}
   (You found it on level 2 of the Dungeon)
Wands
 w - a wand of paralysis (12)
   (You found it on level 2 of the Dungeon)
Scrolls
 h - a scroll of enchant armour {unknown}
 j - 4 scrolls of identify {unknown}
 k - 2 scrolls of remove curse {unknown}
 m - 2 scrolls of enchant weapon {unknown}
 n - 2 scrolls of amnesia {unknown}
 p - 2 scrolls of fear {unknown}
 r - a scroll of fog {unknown}
 u - 2 scrolls of teleportation {unknown}
 v - a scroll of magic mapping {unknown}
Potions
 d - 2 potions of might
 e - a potion of mutation {unknown}
 g - a potion of invisibility {unknown}
 l - 2 potions of haste {unknown}
 o - a potion of cancellation {unknown}
 q - a potion of lignification {unknown}
 s - a potion of stabbing {unknown}
 t - 2 potions of curing {unknown}
 z - a potion of flight {unknown}
Comestibles
 f - 5 rations
 C - 6 chunks of flesh


   Skills:
 + Level 4.0 Fighting
 * Level 3.7 Maces & Flails
 + Level 4.0 Armour
 + Level 4.1 Shields


You had 4 spell levels left.
You didn't know any spells.
Your spell library was empty.

Dungeon Overview and Level Annotations

Branches:
Dungeon (3/15)

Altars:
Ashenzari
Wu Jian
Zin


Innate Abilities, Weirdness & Mutations

You are resistant to torment.
Your stone body is resilient. (AC +4)
You are immune to poison.
You resist negative energy. (rN+)
You are resistant to electric shocks. (rElec)
You can survive without breathing.
You are immune to petrification.
You are immune to rotting.


Message History

An orc comes into view.
You hear a shout!
You open the door.
The orc shouts!
The orc priest shouts!
A leopard gecko comes into view.
The orc priest looks satisfied for a moment.
You block the orc priest's attack.
You hit the orc priest but do no damage.
You block the orc priest's attack.
You barely miss the orc priest. The orc priest hits you.
You block the orc priest's attack.
You closely miss the orc priest. You block the orc priest's attack.
You closely miss the orc priest. You block the orc priest's attack.
You hit the orc priest.
The orc priest is heavily wounded.
The orc priest hits you but does no damage.
A goblin comes into view.
It is wielding a +1 dagger of holy wrath.
The orc priest hits you but does no damage.
You barely miss the orc priest.
The orc priest is heavily wounded.
You block the orc priest's attack.
You sock the orc priest!
You kill the orc priest!
Your Fighting skill increases to level 4!
Your Armour skill increases to level 4!
You have reached level 5!
You block the orc's attack.
You thump the orc!
You kill the orc!
The goblin hits you but does no damage.
Your shield prevents you from hitting the goblin.
The goblin hits you but does no damage.
You sock the goblin!
You kill the goblin!
The orc closely misses you.
Your shield and scale mail prevent you from hitting the orc.
You barely miss the orc. You block the orc's attack.
You sock the orc!
You kill the orc!
The orc hits you but does no damage.
Your shield and scale mail prevent you from hitting the orc.
The orc closely misses you.
You closely miss the orc. You block the orc's attack.
The orc priest begins to cast a cantrip, but forgets the words!
Your shield and scale mail prevent you from hitting the orc.
You block the orc's attack.
The orc priest looks encouraged for a moment.
The orc hits you.
You barely miss the orc.
The orc priest invokes the aid of Beogh against you.
Beogh smites you! You block the orc's attack.
You closely miss the orc.
The orc priest begins to cast a cantrip, but forgets the words!
The orc barely misses you.
You hit the orc.
The orc is lightly wounded.
You block the orc's attack.
You sock the orc!
You kill the orc!
The leopard gecko bites you but does no damage.
Your shield and scale mail prevent you from hitting the leopard gecko.
You block the leopard gecko's attack.
You hit the leopard gecko.
The leopard gecko is heavily wounded.
You block the leopard gecko's attack. x2
You barely miss the leopard gecko.
The leopard gecko is heavily wounded.
The leopard gecko bites you.
The leopard gecko bites you but does no damage.
You closely miss the leopard gecko.
The leopard gecko is moderately wounded.
You block the leopard gecko's attack.
You hit the leopard gecko but do no damage.
The leopard gecko is moderately wounded.
You block the leopard gecko's attack.
You closely miss the leopard gecko.
The leopard gecko is moderately wounded.
You block the leopard gecko's attack.
The orc priest looks encouraged for a moment.
The leopard gecko bites you but does no damage.
You hit the leopard gecko.
The leopard gecko is severely wounded.
The leopard gecko bites you but does no damage. x2
You miss the leopard gecko.
The leopard gecko is severely wounded.
You block the leopard gecko's attack.
You hit the leopard gecko.
The leopard gecko is almost dead.
The leopard gecko bites you but does no damage.
The orc priest invokes the aid of Beogh against you.
Beogh smites you!
* * * LOW HITPOINT WARNING * * *
The leopard gecko bites you but does no damage.
The leopard gecko barely misses you.
You are feeling hungry.
You hit the leopard gecko.
You kill the leopard gecko!
The orc priest mumbles some strange prayers to Beogh against you.
Beogh smites you!
You die...

######### #.......# .o#.
#.#####.# ## #o#.
#######.### #.# #. #...
#.........# #.# #. ...
#.#.....#.# #.# #. o.
#.#.8#8.#.###.# #. #.
#.#.#:#.......# #.
...#.#.####@#.8#8.#.#####
#. .......[.oo.......#.#
#. ##
.....#'#####.....##.# ##
.###... #.. ########.#
...###.#... # #.# #
........... ##. #.## #
.....#.....
##...#..#######
.....'.....
................
#...###.....
###...##.#######


You could see an orc priest and an orc.

Vanquished Creatures
  An orc priest (D:3)
  Robin (D:3)
  2 adders (D:3)
  An ooze (D:1)
  2 worms
  A dart slug (D:3)
  2 leopard geckos (D:3)
  10 orcs
  4 bats
  3 giant cockroaches
  15 goblins
  5 hobgoblins
  2 jackals (D:3)
  A quokka (D:3)
  2 frilled lizards
  A jackal skeleton (D:2)
  5 kobolds
  7 rats
65 creatures vanquished.

Notes
Turn   | Place    | Note
-------+----------+-------------------------------------------
     0 | D:1      | tboon the Gargoyle Fighter began the quest for the Orb.
     0 | D:1      | Reached XP level 1. HP: 14/14 MP: 1/1
    34 | D:1      | Reached XP level 2. HP: 19/19 MP: 2/2
   353 | D:1      | You fall into a shaft and drop 1 floor!
   455 | D:2      | Found a shattered altar of Ashenzari.
   597 | D:2      | Reached XP level 3. HP: 23/23 MP: 3/3
   654 | D:2      | Found a glowing silver altar of Zin.
  1929 | D:3      | Reached skill level 3 in Maces & Flails
  2062 | D:3      | Reached XP level 4. HP: 22/29 MP: 4/4
  2234 | D:3      | Found an ornate altar of the Wu Jian Council.
  2290 | D:3      | Noticed Robin
  2347 | D:3      | Killed Robin
  2654 | D:3      | Reached skill level 4 in Shields
  2756 | D:3      | Reached skill level 4 in Fighting
  2756 | D:3      | Reached skill level 4 in Armour
  2756 | D:3      | Reached XP level 5. HP: 33/33 MP: 5/5
  2778 | D:3      | HP: 8/33 [orc priest/divine providence (11)]
  2784 | D:3      | Killed from afar by an orc priest

Illustrated notes

Levels and vault maps discovered:
D:1:      saegor_arrival_simple_a, layout_rooms, serial_corexii_hall,
          chequers_hall_statues_corner_a, corexii_hall_statues_t,
          minmay_circled_x
D:2:      layout_basic, nicolae_ashenzari_panopticon, zin_statuary
D:3:      minmay_spotlight, layout_loops_corners, overflow_temple_1_default,
          tgw_trog, first_ration, minmay_statues_item, minmay_unequal,
          uniq_robin

Skill      XL: |  1  2  3  4 |
---------------+-------------+-----
Maces & Flails | 3 |  3.7
Shields        | 4 |  4.1
Fighting       | 4 |  4.0
Armour         | 4 |  4.0

Action                   |  1- 3 |  4- 6 || total
-------------------------+-------+-------++-------
Melee: Flail             |   142 |   113 ||   255
  Eat: Chunk             |     4 |     2 ||     6
Armor: Scale mail        |    69 |    42 ||   111
Dodge: Dodged            |    33 |    29 ||    62
Block: Kite shield       |    71 |    61 ||   132

Levels and vault maps discovered:
D:1:      saegor_arrival_simple_a, layout_rooms, serial_corexii_hall,
          chequers_hall_statues_corner_a, corexii_hall_statues_t,
          minmay_circled_x
D:2:      layout_basic, nicolae_ashenzari_panopticon, zin_statuary
D:3:      minmay_spotlight, layout_loops_corners, overflow_temple_1_default,
          tgw_trog, first_ration, minmay_statues_item, minmay_unequal,
          uniq_robin

Table legend:
 A = Turns spent in this place as a percentage of turns spent in the entire game.
 B = Non-inter-level travel turns spent in this place as a percentage of non-inter-level travel turns spent in the entire game.
 C = Inter-level travel turns spent in this place as a percentage of turns spent in this place.
 D = Turns resting spent in this place as a percentage of non-inter-level travel turns spent in this place.
 E = Turns spent auto-exploring this place as a percentage of non-inter-level travel turns spent in this place.
 F = Non-inter-level travel turns spent in this place divided by the number of levels of this place that you've seen.
                   A       B       C       D       E      F
               +-------+-------+-------+-------+-------+----------------------
         Total | 100.0 | 100.0 |   5.3 |  17.4 |  32.0 | 879.0
       Dungeon | 100.0 | 100.0 |   5.3 |  17.4 |  32.0 | 879.0
               +-------+-------+-------+-------+-------+----------------------

Table legend:
 A = Kills in this place as a percentage of kills in entire the game.
 B = Kills by you in this place as a percentage of kills by you in the entire game.
 C = Kills by friends in this place as a percentage of kills by friends in the entire game.
 D = Other kills in this place as a percentage of other kills in the entire game.
 E = Experience gained in this place as a percentage of experience gained in the entire game.
 F = Experience gained in this place divided by the number of levels of this place that you have seen.
                   A       B       C       D       E      F
               +-------+-------+-------+-------+-------+----------------------
         Total | 100.0 | 100.0 |   N/A |   N/A | 100.0 |  71.7
       Dungeon | 100.0 | 100.0 |   N/A |   N/A | 100.0 |  71.7
               +-------+-------+-------+-------+-------+----------------------
